 Dungeon Crawl Stone Soup version 0.30-a0-341-g682706514a (webtiles) character file.

Game seed: 13756202750993775371

532 Hubris850 the Insei (level 7, -16/52 HPs)
             Began as a Merfolk Transmuter on Nov 3, 2022.
             Killed from afar by a steam dragon (19 damage)
             ... with a ball of steam
             ... on level 4 of the Dungeon.
             The game lasted 00:10:14 (3018 turns).

Hubris850 the Insei (Merfolk Transmuter)            Turns: 3018, Time: 00:10:15

Health: -16/52     AC: 12    Str: 12    XL:     7   Next: 24%
Magic:  10/10      EV: 13    Int: 13    God:
Gold:   894        SH:  0    Dex: 14    Spells: 9/10 levels left

rFire   . . .      SeeInvis .      - Unarmed
rCold   . . .      Faith    .    (no shield)
rNeg    . . .      Spirit   .    u - +2 leather armour {rPois}
rPois   +          Reflect  .    p - +0 helmet
rElec   .          Harm     .    s - +2 cloak
rCorr   .          Rampage  .    c - +2 pair of gloves
Will    .....                    (no boots)
Stlth   ++........               (no amulet)
HPRegen 0.28/turn                (no ring)
MPRegen 0.12/turn                (no ring)

@: no status effects
A: (nimble swimmer 2), mertail
a: no special abilities


You were on level 4 of the Dungeon.
You visited 1 branch of the dungeon, and saw 4 of its levels.

You collected 894 gold pieces.

Inventory:

Hand Weapons
 b - a +2 quarterstaff of chaos
Missiles
 l - 2 poisoned darts
Armour
 a - a +0 robe
 c - a +2 pair of gloves (worn)
 g - a +0 ring mail
 p - a +0 helmet (worn)
 s - a +2 cloak (worn)
 u - a +2 leather armour of poison resistance (worn)
Scrolls
 d - a scroll of enchant weapon {unknown}
 e - a scroll of fear
 k - a scroll of teleportation
 r - a scroll of magic mapping {unknown}
 t - a scroll of summoning {unknown}
 w - a scroll of butterflies {unknown}
Potions
 f - a potion of mutation {unknown}
 h - a potion of berserk rage {unknown}
 i - a potion of haste {unknown}
 m - a potion of resistance {unknown}
 q - 2 potions of magic {unknown}
 v - a potion of attraction {unknown}
 x - a potion of might


   Skills:
 - Level 3.0 Fighting
 - Level 4.4 Dodging
 - Level 2.0 Stealth
 - Level 7.0 Unarmed Combat
 + Level 2.2 Spellcasting
 + Level 3.2 Transmutations
 + Level 1.1 Ice Magic


You had 9 spell levels left.
You knew the following spells:

 Your Spells              Type           Power      Damage    Failure   Level
a - Beastly Appendage     Tmut           18%        N/A       9%          1

Your spell library contained the following spells:

 Spells                   Type           Power      Damage    Failure   Level
 Wereblood                Tmut           9%         N/A       13%         2
 Passwall                 Tmut/Erth      4%         N/A       24%         2
 Sandblast                Erth           2%         2d4       32%         1
 Spider Form              Tmut/Pois      5%         N/A       43%         3
 Stone Arrow              Conj/Erth      2%         3d7       67%         3
 Ice Form                 Ice/Tmut       7%         N/A       78%         4


Dungeon Overview and Level Annotations

Branches:
Dungeon (4/15)
 Temple: D:4-7

Altars:


Innate Abilities, Weirdness & Mutations

((You are very nimble when in or above water. (Stealth+, EV+, Speed+++)))
Your lower body shifts to a powerful aquatic tail in water.


Message History

The steam dragon claws you but does no damage.
You hit the steam dragon.
The steam dragon is heavily wounded.
The steam dragon bites you but does no damage.
The steam dragon barely misses you.
You barely miss the steam dragon.
The steam dragon is heavily wounded.
The steam dragon barely misses you. x2
You barely miss the steam dragon.
The steam dragon is moderately wounded.
The steam dragon bites you! The steam dragon closely misses you.
You hit the steam dragon.
The steam dragon is heavily wounded.
The steam dragon barely misses you. The steam dragon closely misses you.
You hit the steam dragon.
The steam dragon is severely wounded.
The steam dragon bites you! The steam dragon claws you.
You barely miss the steam dragon.
The steam dragon is severely wounded.
The steam dragon breathes steam at you. The ball of steam misses you.
You hit the steam dragon.
The steam dragon is almost dead.
You hit the steam dragon.
The steam dragon is almost dead.
You are engulfed in a cloud of scalding steam.
* * * LOW HITPOINT WARNING * * *
The steam dragon completely misses you. The steam dragon claws you.
* * * LOW HITPOINT WARNING * * *
Okay, then.
You closely miss the steam dragon.
The steam dragon is almost dead.
The steam dragon bites you but does no damage.
The steam dragon claws you.
* * * LOW HITPOINT WARNING * * *
You hit the steam dragon.
The steam dragon is almost dead.
The steam dragon breathes steam at you. The ball of steam hits you!!
You die...

#.. ##.....>.... #.
##......>.# ..
######....#.........##.. ##
#.........#............
.####...................#
........................#
....#.......######......#
...###.........#D......##
.####.....##....@.#....###
..##.......#......#......#
.......##.......###......#
..##....###.###.###......#.
..##...###...#####.........
...#....##.####....##......
...........................
#.......#..........##......
........#####..............


You could see a steam dragon (catching breath).

Vanquished Creatures
  Grinder (D:4)
  A scorpion (D:4)
  Crazy Yiuf (D:3)
  Jessica (D:3)
  Terence (D:3)
  An orc wizard (D:3)
  5 gnolls
  4 adders
  An ufetubus (D:4)
  2 worms
  2 dart slugs (D:1)
  5 orcs (D:3)
  5 bats
  4 endoplasms
  A giant cockroach (D:2)
  9 goblins
  4 hobgoblins
  6 jackals (D:4)
  5 quokkas
  5 ball pythons
  7 frilled lizards
  4 kobolds
  2 rats (D:2)
77 creatures vanquished.

Vanquished Creatures (others)
  11 plants
11 creatures vanquished.

Grand Total: 88 creatures vanquished

Notes
Turn   | Place    | Note
-------+----------+-------------------------------------------
     0 | D:1      | Hubris850 the Merfolk Transmuter began the quest for the
                  | Orb.
     0 | D:1      | Reached XP level 1. HP: 15/15 MP: 3/3
    62 | D:1      | Reached XP level 2. HP: 21/21 MP: 1/5
   253 | D:1      | Reached XP level 3. HP: 27/27 MP: 6/6
   971 | D:2      | Reached skill level 4 in Unarmed Combat
  1098 | D:2      | Reached XP level 4. HP: 34/34 MP: 7/7
  1735 | D:3      | Reached XP level 5. HP: 36/41 MP: 8/8
  1770 | D:3      | Found a runed translucent door.
  1771 | D:3      | Noticed Crazy Yiuf
  1778 | D:3      | Killed Crazy Yiuf
  1779 | D:3      | Reached skill level 1 in Stealth
  1897 | D:3      | Found a faded altar of an unknown god.
  2117 | D:3      | Noticed Jessica
  2130 | D:3      | Killed Jessica
  2131 | D:3      | Reached skill level 5 in Unarmed Combat
  2350 | D:3      | Noticed Terence
  2357 | D:3      | Killed Terence
  2358 | D:3      | Reached XP level 6. HP: 47/47 MP: 7/9
  2762 | D:3      | Identified a scroll of acquirement
  2762 | D:3      | Acquired 755 gold pieces
  2845 | D:4      | Reached skill level 6 in Unarmed Combat
  2872 | D:4      | Noticed Grinder
  2888 | D:4      | Killed Grinder
  2889 | D:4      | Reached skill level 7 in Unarmed Combat
  2889 | D:4      | Reached skill level 1 in Ice Magic
  2889 | D:4      | Reached XP level 7. HP: 40/52 MP: 10/10
  2996 | D:4      | Noticed a steam dragon
  3018 | D:4      | Killed from afar by a steam dragon

Illustrated notes

Levels and vault maps discovered:
D:1:      scummos_arrival_star, layout_basic
D:2:      wad_lake_hut, layout_basic, minmay_misc_feat_tiny, minmay_between
D:3:      layout_loops_corners, hellmonk_ecumenical_altar_zigzags, uniq_jessica,
          uniq_crazy_yiuf_cottage, uniq_terence
D:4:      layout_cave_pools, chequers_big_river, uniq_blork_the_orc,
          uniq_natasha, uniq_robin, uniq_grinder

Skill      XL: |  1  2  3  4  5  6 |
---------------+-------------------+-----
Dodging        | 3 4 |  4.4
Fighting       | 2 3 |  3.0
Unarmed Combat | 4 5 7 |  7.0
Stealth        | 2 |  2.0
Transmutations | 3 |  3.2
Ice Magic      | 1 |  1.1
Spellcasting   | |  2.2

Action                   |  1- 3 |  4- 6 |  7- 9 || total
-------------------------+-------+-------+-------++-------
Melee: Unarmed           |   132 |   158 |    16 ||   306
       Punch             |     3 |     4 |       ||     7
       Headbutt          |     2 |     7 |       ||     9
Throw: Dart              |       |     7 |       ||     7
 Cast: Beastly Appendage |     2 |     4 |       ||     6
  Use: Potion            |     1 |     3 |       ||     4
       Scroll            |       |     8 |       ||     8
 Stab: Sleeping          |     1 |     1 |       ||     2
       Distracted        |       |     1 |       ||     1
Armor: Skin              |     8 |       |       ||     8
       Robe              |    12 |       |       ||    12
       Ring mail         |    29 |    24 |       ||    53
       Leather armour    |       |    35 |     6 ||    41
Dodge: Dodged            |    78 |   113 |    13 ||   204

Table legend: (Time is in decaauts)
 A = Elapsed time spent in this place.
 B = Non-inter-level travel time spent in this place.
 C = Inter-level travel time spent in this place.
 D = Time resting spent in this place.
 E = Time spent auto-exploring this place.
 F = Levels seen in this place.
 G = Mean time per level.
                   A        B        C        D        E       F      G
               +--------+--------+--------+--------+--------+-----+--------+
         Total |   2963 |   2855 |    108 |    148 |   1925 |   4 |  740.8 |
       Dungeon |   2963 |   2855 |    108 |    148 |   1925 |   4 |  740.8 |
               +--------+--------+--------+--------+--------+-----+--------+

Top non-repeatable levels by time:
     D:3: 1189 daAuts
     D:2: 801 daAuts
     D:1: 758 daAuts
     D:4: 213 daAuts
